 Dungeon Crawl Stone Soup version 0.28-a0-94-g325244837d (webtiles) character file.

Game seed: 7772962907102204386

22365 Sadan the Geomancer (level 12, -3/73 HPs)
             Began as a Gargoyle Earth Elementalist on Aug 7, 2021.
             Was a Priest of Vehumet.
             Slain by Rupert (30 damage)
             ... on level 13 of the Dungeon.
             The game lasted 00:35:39 (14272 turns).

Sadan the Geomancer (Gargoyle Earth Elementalist)  Turns: 14272, Time: 00:35:40

Health: -3/73      AC: 24    Str: 12    XL:     12   Next: 99%
Magic:  24/24      EV: 13    Int: 32    God:    Vehumet [***...]
Gold:   744        SH:  0    Dex: 10    Spells: 18/27 levels left

rFire   . . .      SeeInvis +   q - +4 eveningstar (drain)
rCold   . . .      Faith    .   (no shield)
rNeg    + . .      Spirit   .   y - +4 steam dragon scales
rPois   ∞          Reflect  .   (no helmet)
rElec   +          Harm     .   f - +0 cloak
rCorr   .          Rampage  .   (no gloves)
Will    .....                   j - +3 pair of boots "Wol Monejy" {Int+5}
Stlth   ++........              a - amulet of magic regeneration
HPRegen 0.22/turn               G - ring of see invisible
MPRegen 0.44/turn               B - +6 ring of intelligence

@: flying
A: sickness immunity, AC +8, negative energy resistance 1, electricity
resistance, torment resistance 1, petrification resistance, big wings, subdued
magic 1
a: Renounce Religion


You were on level 13 of the Dungeon.
You worshipped Vehumet.
Vehumet was most pleased with you.
You visited 2 branches of the dungeon, and saw 16 of its levels.
You also visited: Sewer.

You collected 772 gold pieces.
You spent 28 gold pieces at shops.

Inventory:

Hand Weapons
 q - a +4 eveningstar of draining (weapon)
 w - a +3 whip of electrocution
Missiles
 c - 228 stones
 D - 3 throwing nets
Armour
 f - a +0 cloak (worn)
 j - the +3 pair of boots "Wol Monejy" (worn) {Int+5}
   (You acquired it on level 1 of the Dungeon)

   Int:       It affects your intelligence (+5).
 y - +4 steam dragon scales (worn)
Jewellery
 a - an amulet of magic regeneration (around neck)
 b - a ring of wizardry
 t - a +6 ring of intelligence
 u - a ring of ice
 B - a +6 ring of intelligence (right hand)
 G - a ring of see invisible (left hand)
Wands
 v - a wand of polymorph (25)
 E - a wand of digging (4)
 H - a wand of charming (20)
 J - a wand of iceblast (27)
 K - a wand of paralysis (9)
Scrolls
 i - 3 scrolls of magic mapping
 n - 7 scrolls of teleportation
 r - 7 scrolls of amnesia
 x - a scroll of brand weapon
 z - a scroll of fog
 C - a scroll of immolation
 I - 3 scrolls of identify
Potions
 d - 4 potions of haste
 e - 9 potions of curing
 g - a potion of resistance
 l - 3 potions of flight
 m - 3 potions of ambrosia
 o - 5 potions of lignification
 p - 3 potions of magic
 s - a potion of invisibility {unknown}
 A - 3 potions of attraction
 F - 2 potions of brilliance
Miscellaneous
 k - a piece from Xom's chessboard (15/15)


   Skills:
 + Level 7.8 Fighting
 + Level 7.1 Maces & Flails
 - Level 6.0 Armour
 + Level 6.2 Dodging
 - Level 2.1 Stealth
 + Level 8.2 Spellcasting
 + Level 9.3 Conjurations
 - Level 0.7 Transmutations
 + Level 11.0 Earth Magic
 + Level 6.4 Evocations


You had 18 spell levels left.
You knew the following spells:

 Your Spells              Type           Power      Damage    Failure   Level
a - Sandblast             Erth           100%       2d20      0%          1
b - Stone Arrow           Conj/Erth      100%       3d13      1%          3
c - Irradiate             Conj/Tmut      17%        3d19      3%          5

Your spell library contained the following spells:

 Spells                   Type           Power      Damage    Failure   Level
 Sticky Flame             Conj/Fire      33%        2d5       1%          4
 Passwall                 Tmut/Erth      32%        N/A       1%          2
 Animate Skeleton         Necr           20%        N/A       2%          1
 Pain                     Necr           40%        1d6       2%          1
 Animate Armour           Summ/Erth      74%        N/A       2%          4
 Petrify                  Tmut/Erth      39%        N/A       2%          4
 Slow                     Hex            10%        N/A       4%          2
 Confusing Touch          Hex            10%        N/A       9%          3
 Vampiric Draining        Necr           5%         2d6       9%          3
 Lehudib's Crystal Spear  Conj/Erth      28%        10d8      63%         8
 Sublimation of Blood     Necr           Unusable   N/A       N/A         2

Dungeon Overview and Level Annotations

Branches:
Dungeon (15/15)            Temple (1/1) D:5            Lair (0/6) D:9
    Orc (0/2) D:9          Depths (0/5) D:15          Sewer (visited)
 Vaults: D:13-14

Altars:
Ashenzari
Cheibriados
Dithmenos
Elyvilon
Fedhas
Gozag
Hepliaklqana
Kikubaaqudgha
Makhleb
Nemelex Xobeh
Okawaru
Qazlal
Ru
Sif Muna
Trog
Uskayaw
Vehumet
Wu Jian
Xom
Yredelemnul
Zin
The Shining One
Beogh

Shops:
D:2 *   D:7 *   D:8 *

Annotations:
D:9 exclusion: orange crystal statue
D:11 2 transporters, Blejac999's ghost, journeyman DjCj
D:13 Rupert


Innate Abilities, Weirdness & Mutations

You are immune to sickness and miasma.
Your stone body is resilient. (AC +8)
You are immune to poison.
You resist negative energy. (rN+)
You are resistant to electric shocks. (rElec)
You are resistant to unholy torment.
You are immune to petrification.
Your large and strong wings let you fly.
Your spells are a little easier to cast, but a little less powerful.


Message History

An orc wizard is nearby!
Things that are here:
a +0 longbow; 7 arrows; a centaur corpse An orc comes into view.
It is wielding a +0 dagger.
Found a club. 2 orcs come into view.
The orc shouts!
The orc wizard shouts!
You impale the orc wizard!!
You kill the orc wizard!
Vehumet accepts your kill.
Rupert the Wild comes into view.
He is wielding a +0 triple sword of protection.
You sock the orc! You drain the orc.
You kill the orc!
Vehumet accepts your kill.
Rupert roars madly and goes into a rage!
Rupert goes berserk!
You closely miss the orc. The orc hits you but does no damage.
You thump the orc!
You kill the orc!
Vehumet accepts your kill.
Rupert rages.
You puncture Rupert!
Rupert is lightly wounded.
Rupert hits you with a +0 triple sword of protection!!
You hit Rupert but do no damage.
Rupert is lightly wounded.
Rupert misses you. The orc misses you.
Rupert hits you with a +0 triple sword of protection!!!
Ouch! That really hurt!
* * * LOW HITPOINT WARNING * * *
You hear a shout! x2
Unknown command.
Okay, then.
Unknown command.
You feel much better. Rupert closely misses you. The orc closely misses you.
Rupert hits you with a +0 triple sword of protection!!
* * * LOW HITPOINT WARNING * * *
You feel much better. The orc barely misses you.
Rupert hits you with a +0 triple sword of protection!!
You die...

'###......# **,**
*,*,*,*,***** ..)#......# *,*
*+#...*+**** ##.#......# *,*
*,....,,,,,* ...#......# *,*
*.....,,,,,* ####..##+##
**,####.....,,,,,*
#.....#*,####+,#.....)..,,,,,*
#.##..#*.#....##).......,,,,,*
#,.#..##.#,###..^)......,,,,,*
##.##....#,#...#@@......,,,,,*
...##..#..,#.#.#.o......,,,,,*
#.###..#.###...<#.......,*****
#.###..#.#..).######.###**
#..##..#.#..#.# *,**+#**
##.....#.##.#.#**,,,,,,*
#.)#.......#.#,,,,,,,,*
#..#.###.###.#,**,,,,,*
##.#.#...# #..,**,,,,,*


You could see Rupert (berserk) and an orc.

Vanquished Creatures
  Nessos (D:13)
  Josephine (D:11)
  A vault guard (D:13)
  Harold (D:7)
  A centaur warrior (D:13)
  A death knight (D:11)
  Urug (D:11)
  8 two-headed ogres
  Sonja (D:13)
  A wizard (D:14)
  Pikel (D:7)
  3 ugly things (D:14)
  A manticore (D:13)
  Maggie (D:6)
  2 unseen horrors
  A freezing wraith (D:15)
  A kobold demonologist (D:11)
  Prince Ribbit (D:7)
  Grinder (D:4)
  3 yaks (D:9)
  A shadow (D:11)
  A wyvern (D:7)
  A vampire (D:11)
  5 wraiths (D:11)
  Eustachio (D:6)
  A human (shapeshifter) (D:13)
  3 vampire mosquitoes (D:12)
  A steam dragon (D:6)
  3 acid dragons
  A water moccasin (D:7)
  2 black bears (D:8)
  4 orc warriors
  4 necrophages
  4 centaurs
  2 kobold brigands
  A gnoll sergeant (D:10)
  2 bullfrogs (D:7)
  2 water moccasin zombies
  2 wyvern skeletons
  A water moccasin skeleton (D:5)
  4 wights (D:10)
  18 killer bees
  A bullfrog zombie (D:5)
  5 howler monkeys
  4 centaur zombies
  3 hounds
  3 jellies
  2 gnoll shamans
  4 orc priests
  A bullfrog skeleton (D:6)
  Natasha (thrice) (D:2)
  4 iguanas
  6 orc wizards
  2 ogre zombies (D:4)
  3 howler monkey zombies
  11 gnolls
  A gnoll zombie (D:4)
  A howler monkey skeleton (D:6)
  6 adders
  2 river rats (Sewer)
  An adder skeleton (D:5)
  3 worms
  2 dart slugs (D:4)
  53 orcs
  8 ball pythons
  3 endoplasms
  7 giant cockroaches
  7 goblins
  5 hobgoblins
  10 jackals
  11 kobolds
  5 quokkas
  4 bats
  A frilled lizard (D:3)
  10 rats
288 creatures vanquished.

Notes
Turn   | Place    | Note
-------+----------+-------------------------------------------
     0 | D:1      | Sadan the Gargoyle Earth Elementalist began the quest for
                  | the Orb.
     0 | D:1      | Reached XP level 1. HP: 10/10 MP: 3/3
   238 | D:1      | Reached XP level 2. HP: 15/15 MP: 3/5
   283 | D:1      | Reached skill level 4 in Earth Magic
   918 | D:1      | Reached XP level 3. HP: 15/19 MP: 6/6
   922 | D:1      | Learned a level 3 spell: Stone Arrow
  1248 | D:1      | Found a faded altar of an unknown god.
  1360 | D:1      | Identified a scroll of acquirement
  1360 | D:1      | Acquired the +3 pair of boots "Wol Monejy" {Int+5}
  1420 | D:2      | Noticed Natasha
  1424 | D:2      | Killed Natasha
  1425 | D:2      | Reached skill level 1 in Conjurations
  1425 | D:2      | Reached XP level 4. HP: 16/24 MP: 5/8
  1701 | D:2      | Found Paedus's General Store.
  1833 | D:2      | Bought a scroll of identify for 28 gold pieces
  2070 | D:2      | Noticed Natasha
  2080 | D:2      | Killed Natasha
  2337 | D:2      | Noticed Natasha
  2345 | D:2      | Killed Natasha
  2346 | D:2      | Reached skill level 5 in Earth Magic
  2346 | D:2      | Reached XP level 5. HP: 24/28 MP: 9/9
  2563 | D:3      | Found a bloodstained altar of Trog.
  3062 | D:3      | Found a glowing drain.
  3085 | Sewer    | Entered a sewer
  3199 | Sewer    | Noticed a kobold brigand
  3240 | Sewer    | Killed a kobold brigand
  3241 | Sewer    | Reached XP level 6. HP: 26/32 MP: 11/11
  3358 | Sewer    | Found a white marble altar of Elyvilon.
  3865 | D:4      | Noticed Grinder
  4083 | D:4      | Paralysed by Grinder for 7 turns
  4104 | D:4      | Killed Grinder
  4105 | D:4      | Reached skill level 6 in Earth Magic
  4105 | D:4      | Reached XP level 7. HP: 16/36 MP: 9/13
  4303 | D:4      | Found a transporter.
  4759 | D:4      | Found a transporter.
  5000 | D:5      | Entered Level 5 of the Dungeon
  5184 | D:5      | Reached skill level 1 in Armour
  5185 | D:5      | Reached XP level 8. HP: 6/42 MP: 12/15
  5245 | D:5      | Reached skill level 1 in Fighting
  5245 | D:5      | Reached skill level 7 in Earth Magic
  5492 | D:5      | Reached skill level 1 in Maces & Flails
  5649 | D:5      | Reached skill level 5 in Spellcasting
  5649 | D:5      | Reached skill level 1 in Evocations
  5771 | D:5      | Found a staircase to the Ecumenical Temple.
  5795 | D:5      | Reached skill level 5 in Conjurations
  5903 | Temple   | Entered the Ecumenical Temple
  5984 | Temple   | Became a worshipper of Vehumet
  6218 | D:6      | Found an iron altar of Okawaru.
  6229 | D:6      | Found a shimmering altar of Xom.
  6337 | D:6      | Found a white marble altar of Elyvilon.
  6350 | D:6      | Found a glowing golden altar of the Shining One.
  6351 | D:6      | Noticed Maggie
  6368 | D:6      | Killed Maggie
  6369 | D:6      | Reached XP level 9. HP: 49/49 MP: 1/17
  6436 | D:6      | Noticed Eustachio
  6443 | D:6      | Killed Eustachio
  6482 | D:6      | Found a broken altar of Ashenzari.
  6794 | D:6      | Found a shimmering blue altar of Sif Muna.
  6943 | D:7      | Reached skill level 8 in Earth Magic
  6985 | D:7      | Noticed Pikel
  6996 | D:7      | Killed Pikel
  7143 | D:7      | Noticed Harold
  7148 | D:7      | Reached * piety under Vehumet
  7148 | D:7      | Offered knowledge of Freeze by Vehumet.
  7152 | D:7      | Killed Harold
  7153 | D:7      | Reached XP level 10. HP: 57/57 MP: 14/19
  7181 | D:7      | Found a snail-covered altar of Cheibriados.
  7264 | D:7      | Noticed Prince Ribbit
  7277 | D:7      | Killed Prince Ribbit
  7648 | D:7      | Found Orotwasch's Neck Hole.
  7764 | D:7      | Found a glowing silver altar of Zin.
  8277 | D:8      | Found Waeqoler's General Store.
  8526 | D:8      | Noticed a two-headed ogre
  8529 | D:8      | Killed a two-headed ogre
  8530 | D:8      | Reached skill level 5 in Armour
  9296 | D:9      | Reached skill level 9 in Earth Magic
  9329 | D:9      | Noticed an orange crystal statue
  9658 | D:9      | Reached skill level 5 in Fighting
  9660 | D:9      | Noticed a two-headed ogre
  9670 | D:9      | Killed a two-headed ogre
  9671 | D:9      | Reached XP level 11. HP: 7/64 MP: 15/21
  9992 | D:9      | Gained mutation: Your large and strong wings let you fly.
                  | [potion of mutation]
  9992 | D:9      | Gained mutation: Your spells are a little easier to cast,
                  | but a little less powerful. [potion of mutation]
 10023 | D:9      | Found a staircase to the Lair.
 10112 | D:9      | Found a staircase to the Orcish Mines.
 10563 | D:10     | Entered Level 10 of the Dungeon
 10574 | D:10     | Offered knowledge of Magic Dart by Vehumet.
 10577 | D:10     | Reached ** piety under Vehumet
 10613 | D:10     | Reached skill level 5 in Maces & Flails
 10707 | D:10     | Found a sacrificial altar of Ru.
 10834 | D:10     | Learned a level 5 spell: Irradiate
 11137 | D:11     | Noticed a two-headed ogre
 11143 | D:11     | Killed a two-headed ogre
 11147 | D:11     | Offered knowledge of Ignite Poison by Vehumet.
 11209 | D:11     | Noticed Urug
 11209 | D:11     | Noticed a two-headed ogre
 11222 | D:11     | Killed Urug
 11282 | D:11     | Killed a two-headed ogre
 11385 | D:11     | Reached skill level 5 in Dodging
 11387 | D:11     | Reached *** piety under Vehumet
 11447 | D:11     | Noticed Josephine
 11481 | D:11     | Killed Josephine
 11482 | D:11     | Reached skill level 5 in Evocations
 11508 | D:11     | Reached skill level 10 in Earth Magic
 11664 | D:11     | You are sucked into a shaft and drop 2 floors!
 11666 | D:13     | Noticed a vault guard
 11666 | D:13     | Noticed a vault guard
 11687 | D:13     | Noticed a two-headed ogre
 11695 | D:12     | Killed a two-headed ogre
 12117 | D:11     | Reached XP level 12. HP: 71/71 MP: 17/23
 12206 | D:11     | Offered knowledge of Sticky Flame by Vehumet.
 12367 | D:11     | Noticed a two-headed ogre
 12371 | D:11     | Killed a two-headed ogre
 12440 | D:11     | Found a shadowy altar of Dithmenos.
 12451 | D:11     | Noticed a two-headed ogre
 12458 | D:11     | Killed a two-headed ogre
 12501 | D:11     | Found a transporter.
 12501 | D:11     | Noticed Blejac999's ghost (journeyman DjCj)
 12506 | D:11     | Found a transporter.
 12606 | D:11     | Noticed a two-headed ogre
 12611 | D:11     | Killed a two-headed ogre
 12975 | D:11     | Noticed a death knight
 12981 | D:11     | Killed a death knight
 13427 | D:12     | Found a stormy altar of Qazlal.
 13546 | D:12     | You are sucked into a shaft and drop 3 floors!
 13546 | D:15     | Entered Level 15 of the Dungeon
 13689 | D:13     | Found a sacrificial altar of Ru.
 13879 | D:13     | Noticed Sonja
 13915 | D:13     | Killed Sonja
 14014 | D:13     | Killed a vault guard
 14116 | D:13     | Noticed Nessos
 14127 | D:13     | Killed Nessos
 14228 | D:13     | Noticed a centaur warrior
 14236 | D:13     | Killed a centaur warrior
 14237 | D:13     | Reached skill level 11 in Earth Magic
 14265 | D:13     | Noticed Rupert
 14270 | D:13     | HP: 2/73 [Rupert (43)]
 14272 | D:13     | Slain by Rupert

Illustrated notes

Levels and vault maps discovered:
D:1:      eino_arrival_tree_alley, layout_loops_ring,
          ebering_ecumenical_altar_webs
D:2:      layout_loops_cross, serial_shops, shop, ebering_dispersal_statue_hall,
          uniq_natasha
D:3:      layout_loops_corners, mainiacjoe_overflow_small_starburst,
          gup_sewer_entry_pipe
D:4:      gammafunk_cloud_chamber, layout_basic, minmay_misc_feat_pillars,
          uniq_grinder
D:5:      layout_loops_cross, minmay_temple_entry_mist
D:6:      layout_rooms, mainiacjoe_overflow_tiny_flanked,
          overflow_temple_1_default, mainiacjoe_overflow_cross_hatched,
          jmf_multi_god_temple, lemuel_tele_altar, uniq_eustachio, uniq_maggie
D:7:      layout_loops_ring, cheibrodos_worm_habitat,
          mainiacjoe_overflow_alcove_4, nicolae_shop_sticking_my_neck_out,
          uniq_pikel, uniq_prince_ribbit1, uniq_harold
D:8:      layout_layer_cave, special_room [special_room_orc], serial_shops,
          nicolae_diamond_shop
D:9:      layout_gridville, lair_entry_dummy, orc_0_dummy, minivault_16
D:10:     layout_rooms, mainiacjoe_overflow_chevrons, minivault_23
D:11:     layout_stronghold, gammafunk_ghost_hive, grunt_ministairs_6,
          moated_statue, grunt_dithmenos_smoke_and_mirrors, uniq_josephine,
          uniq_urug
D:12:     layout_gridville, serial_shops, shop,
          nicolae_qazlal_scattered_showers, uniq_azrael
D:13:     layout_basic, erik_vaults_2, nicolae_ru_path_of_blood, uniq_nessos,
          uniq_rupert, uniq_sonja
D:14:     layout_big_octagon, enter_trove_2, chequers_serial_rivers_small_b,
          nzn_hepliaklqana_mist_gate
D:15:     gammafunk_enter_depths_forms, layout_irregular_city, serial_shops,
          nicolae_shop_behind_doors, minmay_misc_feat_doors
Temple:   nicolae_temple_hex_pool

Skill      XL: |  1  2  3  4  5  6  7  8  9 10 11 12 |
---------------+-------------------------------------+-----
Earth Magic    | 4 5 6 7 8 9 10 11 | 11.0
Conjurations   | 1 2 3 4 5 6 7 8 9 |  9.3
Spellcasting   | 3 4 5 6 7 8 |  8.2
Armour         | 1 3 4 5 6 |  6.0
Fighting       | 2 4 5 6 7 |  7.8
Maces & Flails | 2 3 4 5 7 |  7.1
Dodging        | 2 3 4 5 6 |  6.2
Evocations     | 2 3 4 5 6 |  6.4
Stealth        | |  2.1
Transmutations | |  0.7

Action                   |  1- 3 |  4- 6 |  7- 9 | 10-12 || total
-------------------------+-------+-------+-------+-------++-------
Melee: Unarmed           |    15 |       |       |       ||    15
       Dagger            |    70 |   193 |   110 |       ||   373
       Whip              |       |       |   130 |   200 ||   330
       Eveningstar       |       |       |       |   154 ||   154
 Cast: Sandblast         |    18 |    21 |    52 |    47 ||   138
       Stone Arrow       |       |       |    14 |    95 ||   109
Evoke: Wand              |       |       |     2 |     5 ||     7
       Piece from Xom's  |       |       |       |     1 ||     1
  Use: Scroll            |     4 |     6 |     8 |     8 ||    26
       Potion            |       |       |       |     7 ||     7
 Stab: Sleeping          |     3 |     4 |       |     1 ||     8
       Paralysed         |       |       |       |     5 ||     5
       Distracted        |       |       |       |     1 ||     1
Armor: Robe              |    43 |   103 |    98 |       ||   244
       Steam dragon scal |       |       |    49 |   299 ||   348
Dodge: Dodged            |    58 |   147 |   170 |   352 ||   727

Table legend: (Time is in decaauts)
 A = Elapsed time spent in this place.
 B = Non-inter-level travel time spent in this place.
 C = Inter-level travel time spent in this place.
 D = Time resting spent in this place.
 E = Time spent auto-exploring this place.
 F = Levels seen in this place.
 G = Mean time per level.
                   A        B        C        D        E       F      G
               +--------+--------+--------+--------+--------+-----+--------+
         Total |  14353 |  13992 |    361 |    561 |  11104 |  17 |  844.3 |
       Dungeon |  13875 |  13536 |    339 |    561 |  10785 |  15 |  925.0 |
        Temple |    103 |     81 |     22 |      0 |     75 |   1 |  103.0 |
         Sewer |    374 |    374 |      0 |      0 |    244 |   1 |  374.0 |
               +--------+--------+--------+--------+--------+-----+--------+

Top non-repeatable levels by time:
    D:11: 1854 daAuts
     D:1: 1380 daAuts
     D:9: 1326 daAuts
     D:8: 1319 daAuts
     D:4: 1242 daAuts
     D:5: 1119 daAuts
     D:2: 1060 daAuts
     D:3: 1004 daAuts
     D:7: 997 daAuts
     D:6: 702 daAuts
    D:13: 656 daAuts
    D:10: 557 daAuts
    D:12: 548 daAuts
   Sewer: 374 daAuts
  Temple: 103 daAuts
